 Dungeon Crawl Stone Soup version 0.31-a0-112-gdf0485fa37 (webtiles) character file.

Game seed: 15312023484681336438

417 rapeowns the Conjurer (level 6, 0/47 HPs)
             Began as a Demigod Conjurer on May 28, 2023.
             Asphyxiated
             ... on level 5 of the Dungeon.
             The game lasted 00:07:08 (3553 turns).

rapeowns the Conjurer (Demigod Conjurer)            Turns: 3553, Time: 00:07:10

Health: 0/47       AC:  3    Str:  8    XL:     6   Next: 34%
Magic:  10/14      EV: 12    Int: 28    God:
Gold:   225        SH:  0    Dex: 12    Spells: 3/11 levels left

rFire   . . .        u - +0 long sword
rCold   . . .        (no shield)
rNeg    . . .        a - +0 robe
rPois   .            (no helmet)
rElec   .            (no cloak)
rCorr   .            (no gloves)
SInv    .            t - +0 pair of boots
Will    .....        (no amulet)
Stlth   ++           (no ring)
HPRegen 0.27/turn    (no ring)
MPRegen 0.14/turn

%: no passive effects
@: lethally poisoned (0 -> -15), slowed, very slow
A: high MP 1, forlorn, divine attributes
a: no special abilities


You were on level 5 of the Dungeon.
You visited 1 branch of the dungeon, and saw 5 of its levels.

You collected 225 gold pieces.

Inventory:

Hand Weapons
 u - a +0 long sword (weapon)
Armour
 a - a +0 robe (worn)
 t - a +0 pair of boots (worn)
Scrolls
 c - a scroll of acquirement {unknown}
 d - a scroll of amnesia {unknown}
 e - a scroll of summoning {unknown}
 g - a scroll of enchant armour {unknown}
 h - 2 scrolls of enchant weapon {unknown}
 i - 3 scrolls of teleportation {unknown}
 j - 2 scrolls of blinking {unknown}
 l - 2 scrolls of identify {unknown}
 p - a scroll of vulnerability {unknown}
 q - a scroll of noise {unknown}
 r - a scroll of torment {unknown}
Potions
 b - 4 potions of magic
 f - 5 potions of curing {unknown}
 k - a potion of cancellation {unknown}
 m - a potion of lignification {unknown}
 o - a potion of enlightenment {unknown}
 s - a potion of might {unknown}


   Skills:
 + Level 1.0 Fighting
 + Level 1.4 Short Blades
 + Level 1.3 Maces & Flails
 + Level 2.3 Dodging
 + Level 2.4 Stealth
 + Level 3.3 Spellcasting
 + Level 5.1 Conjurations
 * Level 1.2 Fire Magic


You had 3 spell levels left.
You knew the following spells:

 Your Spells              Type           Power      Damage    Failure   Level
a - Magic Dart            Conj           100%       1d8       1%          1
b - Searing Ray           Conj           66%        2d6       1%          2
c - Fireball              Conj/Fire      11%        3d7       52%         5

Your spell library contained the following spells:

 Spells                   Type           Power      Damage    Failure   Level
 Dazzling Flash           Conj/Hex       38%        N/A       9%          3
 Cigotuvi's Dreadful Rot  Necr/Pois/Air  8%         N/A       12%         2
 Fulminant Prism          Conj/Hex       9%         3d7       28%         4
 Iskenderun's Mystic Bla  Conj/Tloc      19%        2d6       28%         4
 Conjure Ball Lightning   Conj/Air       9%         3x3d6     99%         6


Dungeon Overview and Level Annotations

Branches:
Dungeon (5/15)             Temple (0/1) D:4

Shops:
D:3 [

Annotations:
D:3 Sigmund


Innate Abilities, Weirdness & Mutations

You have an increased reservoir of magic. (+10% MP)
You shall have no god before yourself.
Your divine heritage dramatically boosts your attributes as you level up.


Message History

The curare-tipped dart hits you.
You are poisoned.
You have difficulty breathing.
You feel yourself slow down.
Unknown command.
Unknown command.
Unknown command.
You feel very sick.
You close the door.
You feel very sick.
You feel sick. As you open the door, it creaks loudly!
You feel sick.
You feel sick.
A kobold brigand opens the door.
There is an open door here.
You feel sick.
You are no longer poisoned.
Casting: Magic Dart (safe; 1% risk of failure)
Confirm with . or Enter, or press ? or * to list all spells.
Aiming: Searing Ray (safe; 1% risk of failure)
Press: ? - help, Shift-Dir - straight line, f/p - kobold brigand
Aim: a kobold brigand, wielding a +0 dagger and quivering curare-tipped darts (lightly wounded, 76% to hit)
The searing ray hits the kobold brigand!
The kobold brigand is moderately wounded. (Press . to maintain the ray.)
The kobold brigand throws a curare-tipped dart.
The curare-tipped dart hits you.
You are poisoned.
You have difficulty breathing.
You feel as though you will be slow longer.
Unknown command.
* * * LOW HITPOINT WARNING * * *
You feel very sick.
The searing ray hits the kobold.
You kill the kobold!
You feel very sick.
The kobold brigand throws a curare-tipped dart.
The curare-tipped dart hits you.
You are lethally poisoned!
You have difficulty breathing.
You die...

#............
#....#...#........
#.(..#..##..........
#....#..##..........
#....#..#..>..##....# ##
#....#..#.....##....##..
#....#..#..............
+....#K.'.............
#....'.^#@....##....#
#....#####....##....#
##... #.[........# +...
#..........# #...
#....##....# #...
#....##....##
KK#############.....#
KK.#....##....##....##
#................#


You could see a kobold brigand.

Vanquished Creatures
  2 phantoms (D:4)
  A hound (D:5)
  A sleepcap (D:3)
  2 orc wizards (D:4)
  2 iguanas
  2 adders
  A white imp (D:5)
  An ufetubus (D:4)
  A worm (D:4)
  3 dart slugs
  6 orcs
  5 endoplasms
  3 giant cockroaches
  3 hobgoblins
  3 jackals (D:3)
  7 kobolds
  7 ball pythons
  5 bats
  3 frilled lizards
  6 goblins
  5 rats (D:1)
  A butterfly (D:3)
70 creatures vanquished.

Notes
Turn   | Place    | Note
-------+----------+-------------------------------------------
     0 | D:1      | rapeowns the Demigod Conjurer began the quest for the Orb.
     0 | D:1      | Reached XP level 1. HP: 14/14 MP: 5/5
   306 | D:1      | Reached skill level 4 in Conjurations
   339 | D:1      | Got the Catalogue of Flashy Poisoning
   389 | D:1      | Reached XP level 2. HP: 20/20 MP: 5/7
   392 | D:1      | Learned a level 2 spell: Searing Ray
  1628 | D:3      | Reached XP level 3. HP: 26/26 MP: 6/8
  1742 | D:3      | Found Xipur's Antique Armour Shop.
  1744 | D:3      | Noticed Sigmund
  1989 | D:4      | Noticed a phantom
  2104 | D:4      | Reached XP level 4. HP: 31/33 MP: 4/10
  2237 | D:4      | Reached skill level 1 in Short Blades
  2363 | D:4      | Killed a phantom
  2364 | D:4      | Reached XP level 5. HP: 34/39 MP: 1/12
  2455 | D:4      | Learned a level 5 spell: Fireball
  2615 | D:4      | Reached skill level 1 in Maces & Flails
  2756 | D:4      | Found a staircase to the Ecumenical Temple.
  2821 | D:3      | Reached skill level 1 in Fire Magic
  2821 | D:3      | Reached XP level 6. HP: 45/46 MP: 4/13
  3141 | D:5      | Entered Level 5 of the Dungeon
  3193 | D:5      | Reached skill level 1 in Fighting
  3193 | D:5      | Reached skill level 5 in Conjurations
  3553 | D:5      | Asphyxiated

Illustrated notes

Levels and vault maps discovered:
D:1:      mrwooster_arrival_statue_3, layout_basic,
          shapermc_ecumenical_altar_totnotflames, serial_park_tiny_pond,
          kennysheep_another_room, minmay_misc_feat_ornament, minmay_unequal
D:2:      layout_loops_ring
D:3:      layout_rooms, nicolae_overflow_squiral,
          minmay_overflow_temple_star_quad, xom_butterflies, serial_shops,
          nicolae_shop_getting_attention, hellmonk_no_cap, uniq_sigmund
D:4:      layout_rooms, minmay_temple_entry_fiery
D:5:      layout_gridville

Skill      XL: |  1  2  3  4  5  6 |
---------------+-------------------+-----
Conjurations   | 4 5 |  5.1
Spellcasting   | 2 3 |  3.3
Dodging        | 2 |  2.3
Stealth        | 2 |  2.4
Short Blades   | 1 |  1.4
Maces & Flails | 1 |  1.3
Fire Magic     | 1 |  1.2
Fighting       | 1 |  1.0

Action                     |  1- 3 |  4- 6 || total
---------------------------+-------+-------++-------
  Melee: Unarmed           |     3 |       ||     3
         Dagger            |    28 |       ||    28
         Punch             |     1 |       ||     1
         Flail             |    13 |    15 ||    28
   Cast: Magic Dart        |    65 |    16 ||    81
         Searing Ray       |     3 |    18 ||    21
 Armour: Robe              |    12 |     8 ||    20
  Dodge: Dodged            |    41 |    12 ||    53

Table legend: (Time is in decaauts)
 A = Elapsed time spent in this place.
 B = Non-inter-level travel time spent in this place.
 C = Inter-level travel time spent in this place.
 D = Time resting spent in this place.
 E = Time spent auto-exploring this place.
 F = Levels seen in this place.
 G = Mean time per level.
                   A        B        C        D        E       F      G
               +--------+--------+--------+--------+--------+-----+--------+
         Total |   3565 |   3436 |    129 |    157 |   2706 |   5 |  713.0 |
       Dungeon |   3565 |   3436 |    129 |    157 |   2706 |   5 |  713.0 |
               +--------+--------+--------+--------+--------+-----+--------+

Top non-repeatable levels by time:
     D:4: 1010 daAuts
     D:1: 940 daAuts
     D:2: 684 daAuts
     D:3: 514 daAuts
     D:5: 415 daAuts
